[Event "GambitGuide"]
[Site "Internet Chess Club"]
[Date "2014.10.30"]
[Round "1"]
[White "JSBach"]
[Black "taurus"]
[Result "1/2-1/2"]
[ICCResult "Game drawn by repetition"]
[WhiteElo "1647"]
[BlackElo "1321"]
[Opening "Vienna: `Frankenstein-Dracula' variation"]
[ECO "C27"]
[NIC "VG.02"]
[Time "22:07:05"]
[TimeControl "120+12"]

1. e4 e5 2. Nc3 Nf6 3. Bc4 Nxe4 4. Qh5 Nd6 5. Bb3 Nc6 6. Nb5 g6 7. Qf3 f5 8.
Qd5 Qe7 9. Nxc7+ Kd8 10. Nxa8 b6 11. Ba4 Bb7 12. Nxb6 axb6 13. Qb3 Kc7 14.
Ne2 Bh6 15. Nc3 Nd4 16. Nd5+ Bxd5 17. Qxd5 Nb7 18. d3 Bxc1 19. Rxc1 Nc5 20.
Bb3 Re8 21. h4 h5 22. Bc4 d6 23. b4 Na4 24. c3 Ne6 25. Bb5 Nb2 26. Qc6+ Kd8
27. Rc2 e4 28. Qa8+ Kc7 29. Qc6+ Kd8 30. Qa8+ Kc7 31. Qc6+ Kd8 32. Qa8+
{Game drawn by repetition}
1/2-1/2

[Event "GambitGuide"]
[Site "Internet Chess Club"]
[Date "2014.10.30"]
[Round "1"]
[White "JSBach"]
[Black "GSartoris"]
[Result "0-1"]
[ICCResult "White checkmated"]
[WhiteElo "1647"]
[BlackElo "1486"]
[Opening "Vienna: `Frankenstein-Dracula' variation"]
[ECO "C27"]
[NIC "VG.02"]
[Time "22:09:17"]
[TimeControl "120+12"]

1. e4 e5 2. Nc3 Nf6 3. Bc4 Nxe4 4. Qh5 Nd6 5. Bb3 Nc6 6. Nb5 g6 7. Qf3 f5 8.
Qd5 Qe7 9. Nxc7+ Kd8 10. Nxa8 b6 11. Ba4 Nd4 12. f4 exf4+ 13. Kd1 Bg7 14. g4
Bb7 15. Nxb6 axb6 16. Qxb7 Nxb7 17. gxf5 gxf5 18. d3 Nc5 19. Bb3 f3 20. Bf4
f2 21. Kd2 fxg1=Q 22. Raxg1 Nf3+ 23. Kc1 Nxg1 24. Rxg1 Be5 25. Bg5 Bf6 26.
Bxf6 Qxf6 27. Rg2 Nxb3+ 28. axb3 h5 29. Kb1 f4 30. b4 f3 31. Rf2 Qf4 32. Ka1
Qe3 33. Rf1 f2 34. Rb1 Rg8 35. d4 Rg2 36. d5 Rg1 37. Ka2 Rxb1 38. c3 f1=Q
39. d6 Qe6+ 40. c4 Qxd6 41. h4 Qfd3 42. c5 bxc5 43. b5 Qb6 44. b3 Qbxb5 45.
Ka3 Qa5# {White checkmated} 0-1

[Event "GambitGuide"]
[Site "Internet Chess Club"]
[Date "2014.10.30"]
[Round "1"]
[White "JSBach"]
[Black "fishhead"]
[Result "1-0"]
[ICCResult "Black resigns"]
[WhiteElo "1647"]
[BlackElo "1597"]
[Opening "Vienna: `Frankenstein-Dracula' variation"]
[ECO "C27"]
[NIC "VG.02"]
[Time "22:10:54"]
[TimeControl "120+12"]

1. e4 e5 2. Nc3 Nf6 3. Bc4 Nxe4 4. Qh5 Nd6 5. Bb3 Nc6 6. Nb5 g6 7. Qf3 f5 8.
Qd5 Qe7 9. Nxc7+ Kd8 10. Nxa8 b6 11. Ba4 Bb7 12. Nxb6 axb6 13. Qb3 b5 14.
Nf3 bxa4 15. Qxa4 Bg7 16. O-O h6 17. Re1 e4 18. h3 Re8 19. d3 Qf7 20. Bf4
Nc8 21. Qb5 d5 22. Nd2 Qd7 23. dxe4 dxe4 24. Rad1 Ke7 25. Nxe4 {Black
resigns} 1-0

[Event "GambitGuide"]
[Site "Internet Chess Club"]
[Date "2014.10.30"]
[Round "1"]
[White "JSBach"]
[Black "taurus"]
[Result "1-0"]
[ICCResult "Black resigns"]
[WhiteElo "1647"]
[BlackElo "1321"]
[Opening "Vienna: `Frankenstein-Dracula' variation"]
[ECO "C27"]
[NIC "VG.02"]
[Time "22:11:06"]
[TimeControl "120+12"]

1. e4 e5 2. Nc3 Nf6 3. Bc4 Nxe4 4. Qh5 Nd6 5. Bb3 Nc6 6. Nb5 g6 7. Qf3 f5 8.
Qd5 Qe7 9. Nxc7+ Kd8 10. Nxa8 b6 11. Ba4 Bb7 12. Nxb6 axb6 13. Qb3 Bh6 14.
d3 Bxc1 15. Qxb6+ Kc8 16. Rxc1 e4 17. Ne2 exd3 18. cxd3 Re8 19. Rc2 Kb8 20.
O-O g5 21. Bxc6 dxc6 22. Nd4 Qc7 23. Nxc6+ Kc8 24. Na7+ Kb8 25. Rxc7
{Black resigns}
1-0

[Event "GambitGuide"]
[Site "Internet Chess Club"]
[Date "2014.10.30"]
[Round "1"]
[White "JSBach"]
[Black "losscause"]
[Result "1-0"]
[ICCResult "Black resigns"]
[WhiteElo "1647"]
[BlackElo "1290"]
[Opening "Vienna: `Frankenstein-Dracula' variation"]
[ECO "C27"]
[NIC "VG.02"]
[Time "22:10:33"]
[TimeControl "120+12"]

1. e4 e5 2. Nc3 Nf6 3. Bc4 Nxe4 4. Qh5 Nd6 5. Bb3 Nc6 6. Nb5 g6 7. Qf3 f5 8.
Qd5 Qe7 9. Nxc7+ Kd8 10. Nxa8 b6 11. Ba4 Ba6 12. Bxc6 dxc6 13. Qb3 Nb5 14.
a4 Nd4 15. Qc3 Qc5 16. Qxc5 Bxc5 17. Kd1 Bb7 18. b4 Be7 19. c3 Ne6 20. f4 e4
21. a5 b5 22. Nb6 axb6 23. axb6 Bc8 24. Ne2 Kd7 25. Ra7+ Kd6 26. b7 Bxb7 27.
Rxb7 Ra8 28. Re1 Ra1 29. Kc2 Ra2+ 30. Kb1 Ra4 31. Kc2 Bf6 32. Rxh7 g5 33.
Rf7 {Black resigns} 1-0

[Event "GambitGuide"]
[Site "Internet Chess Club"]
[Date "2014.10.30"]
[Round "1"]
[White "JSBach"]
[Black "HermanSteiner"]
[Result "0-1"]
[ICCResult "White checkmated"]
[WhiteElo "1647"]
[BlackElo "2000"]
[Opening "Vienna: `Frankenstein-Dracula' variation"]
[ECO "C27"]
[NIC "VG.02"]
[Time "22:06:30"]
[TimeControl "120+12"]

1. e4 e5 2. Nc3 Nf6 3. Bc4 Nxe4 4. Qh5 Nd6 5. Bb3 Nc6 6. Nb5 g6 7. Qf3 f5 8.
Qd5 Qe7 9. Nxc7+ Kd8 10. Nxa8 b6 11. Ba4 Bb7 12. Nxb6 axb6 13. Qb3 Kc7 14.
Nf3 Bg7 15. O-O e4 16. Re1 Rf8 17. d3 h6 18. Bf4 g5 19. Bxd6+ Qxd6 20. dxe4
fxe4 21. Rad1 Qc5 22. Rxe4 Qf5 23. Re3 g4 24. Rd5 Qf7 25. Qb5 gxf3 26. Rxf3
Qe7 27. Rxf8 Qxf8 28. a3 Qf4 29. c3 Be5 30. g3 Qe4 31. f4 Bd6 32. b4 Nb8 33.
c4 Bc6 34. Qxb6+ Kxb6 35. c5+ Kb7 36. Bxc6+ Nxc6 37. Rxd6 Qb1+ 38. Kg2 Qb2+
39. Kg1 Kc7 40. Rxh6 Nd4 41. Ra6 Nf3+ 42. Kf1 Nxh2+ 43. Kg1 Ng4 44. Ra7+ Kb8
45. Ra8+ Kxa8 46. a4 Qf2+ 47. Kh1 Qh2# {White checkmated} 0-1

[Event "GambitGuide"]
[Site "Internet Chess Club"]
[Date "2014.10.30"]
[Round "1"]
[White "JSBach"]
[Black "fishhead"]
[Result "1-0"]
[ICCResult "Black checkmated"]
[WhiteElo "1647"]
[BlackElo "1597"]
[Opening "Vienna: `Frankenstein-Dracula' variation"]
[ECO "C27"]
[NIC "VG.02"]
[Time "22:12:01"]
[TimeControl "120+12"]

1. e4 e5 2. Nc3 Nf6 3. Bc4 Nxe4 4. Qh5 Nd6 5. Bb3 Nc6 6. Nb5 g6 7. Qf3 f5 8.
Qd5 Qe7 9. Nxc7+ Kd8 10. Nxa8 b6 11. Ba4 Bb7 12. Nxb6 axb6 13. Qb3 b5 14.
Nf3 bxa4 15. Qxa4 Bg7 16. O-O Nf7 17. Qb5 Bc8 18. Re1 e4 19. d3 Re8 20. Qb6#
{Black checkmated}
1-0

[Event "GambitGuide"]
[Site "Internet Chess Club"]
[Date "2014.10.30"]
[Round "1"]
[White "JSBach"]
[Black "GSartoris"]
[Result "0-1"]
[ICCResult "White checkmated"]
[WhiteElo "1647"]
[BlackElo "1486"]
[Opening "Vienna: `Frankenstein-Dracula' variation"]
[ECO "C27"]
[NIC "VG.02"]
[Time "22:12:11"]
[TimeControl "120+12"]

1. e4 e5 2. Nc3 Nf6 3. Bc4 Nxe4 4. Qh5 Nd6 5. Bb3 Nc6 6. Nb5 g6 7. Qf3 f5 8.
Qd5 Qe7 9. Nxc7+ Kd8 10. Nxa8 b6 11. Ba4 Nd4 12. f4 Bg7 13. fxe5 Bxe5 14. g4
fxg4 15. c3 Bg3+ 16. Kf1 Bh4 17. Qxd4 Qe1+ 18. Kg2 Bb7+ 19. Bc6 Bxc6+ 20.
Nf3 Bxf3# {White checkmated} 0-1

[Event "GambitGuide"]
[Site "Internet Chess Club"]
[Date "2014.10.30"]
[Round "1"]
[White "JSBach"]
[Black "losscause"]
[Result "1-0"]
[ICCResult "Black resigns"]
[WhiteElo "1647"]
[BlackElo "1290"]
[Opening "Vienna: `Frankenstein-Dracula' variation"]
[ECO "C27"]
[NIC "VG.02"]
[Time "22:12:49"]
[TimeControl "120+12"]

1. e4 e5 2. Nc3 Nf6 3. Bc4 Nxe4 4. Qh5 Nd6 5. Bb3 Nc6 6. Nb5 g6 7. Qf3 f5 8.
Qd5 Qe7 9. Nxc7+ Kd8 10. Nxa8 b6 11. Ba4 Nd4 12. f4 Bb7 13. Qxe5 Bxa8 14.
Kf1 Qxe5 15. fxe5 N6b5 16. c3 Bxg2+ 17. Kxg2 {Black resigns} 1-0

[Event "GambitGuide"]
[Site "Internet Chess Club"]
[Date "2014.10.30"]
[Round "1"]
[White "JSBach"]
[Black "losscause"]
[Result "1-0"]
[ICCResult "Black resigns"]
[WhiteElo "1647"]
[BlackElo "1290"]
[Opening "Vienna: `Frankenstein-Dracula' variation"]
[ECO "C27"]
[NIC "VG.02"]
[Time "22:13:45"]
[TimeControl "120+12"]

1. e4 e5 2. Nc3 Nf6 3. Bc4 Nxe4 4. Qh5 Nd6 5. Bb3 Nc6 6. Nb5 g6 7. Qf3 f5 8.
Qd5 Qe7 9. Nxc7+ Kd8 10. Nxa8 b6 11. Ba4 Nd4 12. f4 Bb7 13. Qxe5 {Black
resigns} 1-0

[Event "GambitGuide"]
[Site "Internet Chess Club"]
[Date "2014.10.30"]
[Round "1"]
[White "JSBach"]
[Black "HermanSteiner"]
[Result "0-1"]
[ICCResult "White checkmated"]
[WhiteElo "1647"]
[BlackElo "2000"]
[Opening "Vienna: `Frankenstein-Dracula' variation"]
[ECO "C27"]
[NIC "VG.02"]
[Time "22:12:39"]
[TimeControl "120+12"]

1. e4 e5 2. Nc3 Nf6 3. Bc4 Nxe4 4. Qh5 Nd6 5. Bb3 Nc6 6. Nb5 g6 7. Qf3 f5 8.
Qd5 Qe7 9. Nxc7+ Kd8 10. Nxa8 b6 11. Ba4 Bb7 12. Nxb6 axb6 13. Qb3 Kc7 14.
Ne2 Bg7 15. Nc3 Nd4 16. Nd5+ Bxd5 17. Qxd5 e4 18. Rb1 Rf8 19. a3 f4 20. c3
Ne6 21. Bc2 Rf5 22. Qa8 Nc5 23. Qa7+ Ndb7 24. c4 Nd3+ 25. Bxd3 exd3+ 26. Kf1
Qe2+ 27. Kg1 Qe1# {White checkmated} 0-1

[Event "GambitGuide"]
[Site "Internet Chess Club"]
[Date "2014.10.30"]
[Round "1"]
[White "JSBach"]
[Black "fishhead"]
[Result "1-0"]
[ICCResult "Black resigns"]
[WhiteElo "1647"]
[BlackElo "1597"]
[Opening "Vienna: `Frankenstein-Dracula' variation"]
[ECO "C27"]
[NIC "VG.02"]
[Time "22:13:00"]
[TimeControl "120+12"]

1. e4 e5 2. Nc3 Nf6 3. Bc4 Nxe4 4. Qh5 Nd6 5. Bb3 Nc6 6. Nb5 g6 7. Qf3 f5 8.
Qd5 Qe7 9. Nxc7+ Kd8 10. Nxa8 b6 11. Ba4 Bb7 12. Nxb6 axb6 13. Qb3 b5 14.
Nf3 bxa4 15. Qxa4 Bg7 16. O-O e4 17. Ne1 Qe6 18. d3 Ke7 19. Bg5+ Kf7 20.
dxe4 Nxe4 21. Qb5 Rb8 22. Bf4 d6 23. c3 Be5 24. Nd3 Kg7 25. Rfe1 Ba8 26. Qa6
Qd7 27. Nxe5 dxe5 28. Rad1 Qb7 29. Qxb7+ Rxb7 30. Bc1 Re7 31. f3 Nc5 32. b4
Na4 33. Re3 Kf6 34. b5 Na5 35. Rd6+ Re6 36. Red3 Nc4 37. Bg5+ Kf7 38. Rd7+
{Black resigns}
1-0

[Event "GambitGuide"]
[Site "Internet Chess Club"]
[Date "2014.10.30"]
[Round "1"]
[White "JSBach"]
[Black "Empyrean"]
[Result "1-0"]
[ICCResult "Black resigns"]
[WhiteElo "1647"]
[BlackElo "1400"]
[Opening "Vienna: `Frankenstein-Dracula' variation"]
[ECO "C27"]
[NIC "VG.02"]
[Time "22:13:29"]
[TimeControl "120+12"]

1. e4 e5 2. Nc3 Nf6 3. Bc4 Nxe4 4. Qh5 Nd6 5. Bb3 Nc6 6. Nb5 g6 7. Qf3 f5 8.
Qd5 Qe7 9. Nxc7+ Kd8 10. Nxa8 b6 11. Ba4 Bb7 12. Nxb6 axb6 13. Qb3 Nc8 14.
Nf3 Qb4 15. Ng5 Nd6 16. c3 Qxb3 17. Bxb3 h6 18. Nf7+ Nxf7 19. Bxf7 g5 20. f3
Rh7 21. Bg6 Rg7 22. Bxf5 Bc5 23. b4 Be7 24. a4 d5 25. a5 bxa5 26. b5 Na7 27.
Rxa5 Bc5 28. Ba3 Bxa3 29. b6 Nc6 30. Rxa3 {Black resigns} 1-0

[Event "GambitGuide"]
[Site "Internet Chess Club"]
[Date "2014.10.30"]
[Round "1"]
[White "JSBach"]
[Black "losscause"]
[Result "1-0"]
[ICCResult "Black resigns"]
[WhiteElo "1647"]
[BlackElo "1290"]
[Opening "Vienna: `Frankenstein-Dracula' variation"]
[ECO "C27"]
[NIC "VG.02"]
[Time "22:14:12"]
[TimeControl "120+12"]

1. e4 e5 2. Nc3 Nf6 3. Bc4 Nxe4 4. Qh5 Nd6 5. Bb3 Nc6 6. Nb5 g6 7. Qf3 f5 8.
Qd5 Qe7 9. Nxc7+ Kd8 10. Nxa8 b6 11. Ba4 Nd4 12. f4 Bb7 13. Qxe5 Qxe5+ 14.
fxe5 Ne4 15. d3 Nc5 16. Bg5+ Kc8 17. Bf6 Rg8 18. e6 dxe6 19. Bxd4 Nxa4 20.
Nxb6+ axb6 21. Nf3 Bc5 22. Bxc5 Nxc5 23. b4 Na4 24. Kf2 Re8 25. Ne5 Re7 26.
d4 Nc3 27. a4 Kc7 28. a5 bxa5 29. Rxa5 Bd5 30. Rc5+ Kb6 31. Rxc3 {Black
resigns} 1-0

[Event "GambitGuide"]
[Site "Internet Chess Club"]
[Date "2014.10.30"]
[Round "1"]
[White "JSBach"]
[Black "nightyknight"]
[Result "1-0"]
[ICCResult "Black resigns"]
[WhiteElo "1647"]
[BlackElo "1189"]
[Opening "Vienna: `Frankenstein-Dracula' variation"]
[ECO "C27"]
[NIC "VG.02"]
[Time "22:09:25"]
[TimeControl "120+12"]

1. e4 e5 2. Nc3 Nf6 3. Bc4 Nxe4 4. Qh5 Nd6 5. Bb3 Nc6 6. Nb5 g6 7. Qf3 f5 8.
Qd5 Qe7 9. Nxc7+ Kd8 10. Nxa8 b6 11. Ba4 Bb7 12. Nxb6 axb6 13. Qb3 Kc7 14.
Ne2 Nd4 15. Nxd4 exd4+ 16. Kf1 Bg7 17. d3 Re8 18. Be3 dxe3 19. Re1 e2+ 20.
Kg1 Qg5 21. g3 f4 22. Qb4 fxg3 23. hxg3 Bxh1 24. Kxh1 Qd5+ 25. Kg1 Qf3 26.
Bxd7 Kxd7 27. Qxb6 Re5 28. d4 Rh5 29. Qa7+ Ke6 30. d5+ Ke5 31. Qxg7+ Kf5 32.
Qd7+ Kg5 33. Qe7+ Kh6 34. Qe3+ Qxe3 35. fxe3 Rxd5 36. Rxe2 Nf5 37. g4 Ng3
38. Rh2+ Kg7 39. b4 Ne4 40. a4 Rd1+ 41. Kg2 Ra1 42. Kf3 Nc3 43. a5 Nd5 44.
c3 Nxc3 45. Rc2 Nb5 46. Rc5 Nd6 47. Rc7+ Kh6 48. e4 Ra4 49. e5 Nb5 50. Rc4
Ra3+ 51. Kf4 g5+ 52. Kf5 Rd3 53. Rc6+ Kg7 54. Rc4 Rd5 55. Ke4 Rd8 56. a6 Ra8
57. Rc5 Na3 58. Rc7+ Kg6 59. Rc6+ Kg7 60. Kf5 h6 61. e6 Nb5 62. Ke5 Rb8 63.
Rc5 Na7 64. Rc7+ {Black resigns} 1-0

[Event "GambitGuide"]
[Site "Internet Chess Club"]
[Date "2014.10.30"]
[Round "1"]
[White "JSBach"]
[Black "GSartoris"]
[Result "0-1"]
[ICCResult "White checkmated"]
[WhiteElo "1647"]
[BlackElo "1486"]
[Opening "Vienna: `Frankenstein-Dracula' variation"]
[ECO "C27"]
[NIC "VG.02"]
[Time "22:15:00"]
[TimeControl "120+12"]

1. e4 e5 2. Nc3 Nf6 3. Bc4 Nxe4 4. Qh5 Nd6 5. Bb3 Nc6 6. Nb5 g6 7. Qf3 f5 8.
Qd5 Qe7 9. Nxc7+ Kd8 10. Nxa8 b6 11. Ba4 Nd4 12. f4 exf4+ 13. Kd1 Bg7 14. g4
Bb7 15. Nxb6 axb6 16. Qxb7 Nxb7 17. gxf5 Nxf5 18. d3 Ne3+ 19. Bxe3 Qxe3 20.
Rb1 f3 21. Bb5 f2 22. Ne2 Nc5 23. b4 Ne6 24. Bc4 Nf4 25. Nxf4 Qxf4 26. Ke2
Re8+ 27. Kf1 Qf3 28. Be6 Rxe6 29. h4 Qxh1+ 30. Kxf2 Qxb1 31. Kg2 Qxc2+ 32.
Kf3 Qxd3+ 33. Kg4 Re4+ 34. Kg5 Re5+ 35. Kf4 Rf5+ 36. Kg4 Qf3# {White
checkmated} 0-1

[Event "GambitGuide"]
[Site "Internet Chess Club"]
[Date "2014.10.30"]
[Round "1"]
[White "JSBach"]
[Black "losscause"]
[Result "1-0"]
[ICCResult "Black resigns"]
[WhiteElo "1647"]
[BlackElo "1290"]
[Opening "Vienna: `Frankenstein-Dracula' variation"]
[ECO "C27"]
[NIC "VG.02"]
[Time "22:15:45"]
[TimeControl "120+12"]

1. e4 e5 2. Nc3 Nf6 3. Bc4 Nxe4 4. Qh5 Nd6 5. Bb3 Nc6 6. Nb5 g6 7. Qf3 f5 8.
Qd5 Qe7 9. Nxc7+ Kd8 10. Nxa8 b6 11. Ba4 Nd4 12. f4 exf4+ 13. Kd1 Qe4 14.
Qxe4 Nxe4 15. Ke1 Bb7 16. d3 Nd6 17. Kf2 Bxa8 18. Bxf4 Nc6 19. Re1 Bg7 20.
Bxd6 {Black resigns} 1-0

[Event "GambitGuide"]
[Site "Internet Chess Club"]
[Date "2014.10.30"]
[Round "1"]
[White "JSBach"]
[Black "fishhead"]
[Result "1-0"]
[ICCResult "Black checkmated"]
[WhiteElo "1647"]
[BlackElo "1597"]
[Opening "Vienna: `Frankenstein-Dracula' variation"]
[ECO "C27"]
[NIC "VG.02"]
[Time "22:14:48"]
[TimeControl "120+12"]

1. e4 e5 2. Nc3 Nf6 3. Bc4 Nxe4 4. Qh5 Nd6 5. Bb3 Nc6 6. Nb5 g6 7. Qf3 f5 8.
Qd5 Qe7 9. Nxc7+ Kd8 10. Nxa8 b6 11. Ba4 Bb7 12. Nxb6 axb6 13. Qb3 b5 14.
Nf3 bxa4 15. Qxa4 Bg7 16. d3 Re8 17. Bg5 Bf6 18. Be3 f4 19. Bb6+ Kc8 20. O-O
Qf7 21. Rae1 Qd5 22. Re2 Qb5 23. Qxb5 Nxb5 24. Rfe1 d6 25. a4 Nc7 26. a5 Na6
27. Re4 Ne7 28. Rc4+ Bc6 29. Kf1 Kb7 30. Ke2 d5 31. Rc3 e4 32. Nd4 Bd7 33.
dxe4 dxe4 34. b3 Nc8 35. Rc4 Nxb6 36. axb6 Kxb6 37. Kd2 Nc5 38. b4 Na4 39.
c3 Bb5 40. Nxb5 Kxb5 41. Rc7 h5 42. Kc2 e3 43. Re2 Re6 44. Kb3 Nb6 45. c4+
Ka6 46. b5+ Ka5 47. Ra7# {Black checkmated} 1-0

[Event "GambitGuide"]
[Site "Internet Chess Club"]
[Date "2014.10.30"]
[Round "1"]
[White "JSBach"]
[Black "Shafkat"]
[Result "1-0"]
[ICCResult "Black checkmated"]
[WhiteElo "1647"]
[BlackElo "1482"]
[Opening "Vienna: `Frankenstein-Dracula' variation"]
[ECO "C27"]
[NIC "VG.02"]
[Time "22:16:41"]
[TimeControl "120+12"]

1. e4 e5 2. Nc3 Nf6 3. Bc4 Nxe4 4. Qh5 Nd6 5. Bb3 Nc6 6. Nb5 g6 7. Qf3 f5 8.
Qd5 Qe7 9. Nxc7+ Kd8 10. Nxa8 b6 11. Ba4 Bb7 12. Nxb6 axb6 13. Qb3 b5 14.
Nf3 bxa4 15. Qxa4 Bh6 16. O-O e4 17. Nd4 Nxd4 18. Qxd4 Rf8 19. d3 Bxc1 20.
Raxc1 Qf6 21. Qc5 exd3 22. cxd3 Qg5 23. f3 Ba6 24. Rfe1 Nb5 25. Qxf8#
{Black checkmated}
1-0

[Event "GambitGuide"]
[Site "Internet Chess Club"]
[Date "2014.10.30"]
[Round "1"]
[White "JSBach"]
[Black "losscause"]
[Result "1-0"]
[ICCResult "Black resigns"]
[WhiteElo "1647"]
[BlackElo "1290"]
[Opening "Vienna: `Frankenstein-Dracula' variation"]
[ECO "C27"]
[NIC "VG.02"]
[Time "22:17:19"]
[TimeControl "120+12"]

1. e4 e5 2. Nc3 Nf6 3. Bc4 Nxe4 4. Qh5 Nd6 5. Bb3 Nc6 6. Nb5 g6 7. Qf3 f5 8.
Qd5 Qe7 9. Nxc7+ Kd8 10. Nxa8 b6 11. Ba4 Nd4 12. f4 exf4+ 13. Kf2 Bb7 14.
Qxd4 Qe4 15. Qf6+ Kc8 16. Qc3+ Kd8 17. Qxh8 Qxg2+ 18. Ke1 Qe4+ 19. Kd1 Qd4
20. Qxd4 {Black resigns} 1-0

[Event "GambitGuide"]
[Site "Internet Chess Club"]
[Date "2014.10.30"]
[Round "1"]
[White "JSBach"]
[Black "losscause"]
[Result "1-0"]
[ICCResult "Black checkmated"]
[WhiteElo "1668"]
[BlackElo "1290"]
[Opening "Vienna: `Frankenstein-Dracula' variation"]
[ECO "C27"]
[NIC "VG.02"]
[Time "22:18:47"]
[TimeControl "120+12"]

1. e4 e5 2. Nc3 Nf6 3. Bc4 Nxe4 4. Qh5 Nd6 5. Bb3 Nc6 6. Nb5 g6 7. Qf3 f5 8.
Qd5 Qe7 9. Nxc7+ Kd8 10. Nxa8 b6 11. Ba4 Nd4 12. f4 exf4+ 13. Kd1 Bb7 14.
Qxd4 Ne4 15. Nxb6 axb6 16. Ne2 Qc5 17. Qxd7# {Black checkmated} 1-0

[Event "GambitGuide"]
[Site "Internet Chess Club"]
[Date "2014.10.30"]
[Round "1"]
[White "JSBach"]
[Black "captain"]
[Result "1-0"]
[ICCResult "Black resigns"]
[WhiteElo "1668"]
[BlackElo "1146"]
[Opening "Vienna: `Frankenstein-Dracula' variation"]
[ECO "C27"]
[NIC "VG.02"]
[Time "22:16:51"]
[TimeControl "120+12"]

1. e4 e5 2. Nc3 Nf6 3. Bc4 Nxe4 4. Qh5 Nd6 5. Bb3 Nc6 6. Nb5 g6 7. Qf3 f5 8.
Qd5 Qe7 9. Nxc7+ Kd8 10. Nxa8 b6 11. Ba4 Ba6 12. Bxc6 dxc6 13. Qb3 Bc4 14.
Qa4 Bb5 15. Qb4 c5 16. Qb3 Bc4 17. Qf3 e4 18. Qe3 Qb7 19. Qc3 Bg7 20. Qg3
Nf7 21. d3 Qxa8 22. dxc4 Re8 23. Qh4+ Kc8 24. Qxh7 Bd4 25. Qxf7 Bxf2+ 26.
Kxf2 e3+ 27. Bxe3 Qe4 28. Re1 Qxc2+ 29. Re2 Qe4 30. Qxa7 f4 31. Bxc5 bxc5
32. Rxe4 Rxe4 33. Qxc5+ {Black resigns} 1-0

[Event "GambitGuide"]
[Site "Internet Chess Club"]
[Date "2014.10.30"]
[Round "1"]
[White "JSBach"]
[Black "losscause"]
[Result "1-0"]
[ICCResult "Black resigns"]
[WhiteElo "1668"]
[BlackElo "1290"]
[Opening "Vienna: `Frankenstein-Dracula' variation"]
[ECO "C27"]
[NIC "VG.02"]
[Time "22:19:25"]
[TimeControl "120+12"]

1. e4 e5 2. Nc3 Nf6 3. Bc4 Nxe4 4. Qh5 Nd6 5. Bb3 Nc6 6. Nb5 g6 7. Qf3 f5 8.
Qd5 Qe7 9. Nxc7+ Kd8 10. Nxa8 b6 11. Ba4 Nd4 12. f4 exf4+ 13. Kd1 Bb7 14.
Qxd4 Bg7 15. Qxf4 Ne4 16. Qb8+ {Black resigns} 1-0

[Event "GambitGuide"]
[Site "Internet Chess Club"]
[Date "2014.10.30"]
[Round "1"]
[White "JSBach"]
[Black "brainstorm01"]
[Result "1-0"]
[ICCResult "Black resigns"]
[WhiteElo "1668"]
[BlackElo "1989"]
[Opening "Vienna: `Frankenstein-Dracula' variation"]
[ECO "C27"]
[NIC "VG.02"]
[Time "22:19:22"]
[TimeControl "120+12"]

1. e4 e5 2. Nc3 Nf6 3. Bc4 Nxe4 4. Qh5 Nd6 5. Bb3 Nc6 6. Nb5 g6 7. Qf3 f5 8.
Qd5 Qe7 9. Nxc7+ Kd8 10. Nxa8 b6 11. Ba4 Bb7 12. Nxb6 Nd4 13. Qc5 Qh4 14.
Qxe5 axb6 15. Qxh8 {Black resigns} 1-0

[Event "GambitGuide"]
[Site "Internet Chess Club"]
[Date "2014.10.30"]
[Round "1"]
[White "JSBach"]
[Black "LususNaturae"]
[Result "1-0"]
[ICCResult "Black resigns"]
[WhiteElo "1668"]
[BlackElo "1992"]
[Opening "Vienna: `Frankenstein-Dracula' variation"]
[ECO "C27"]
[NIC "VG.02"]
[Time "22:19:18"]
[TimeControl "120+12"]

1. e4 e5 2. Nc3 Nf6 3. Bc4 Nxe4 4. Qh5 Nd6 5. Bb3 Nc6 6. Nb5 g6 7. Qf3 f5 8.
Qd5 Qe7 9. Nxc7+ Kd8 10. Nxa8 b6 11. Ba4 Bb7 12. Nxb6 axb6 13. Qb3 Nc8 14.
a3 Nd4 15. Qg3 f4 16. Qg4 b5 17. Bb3 Nxb3 18. cxb3 Nd6 19. a4 bxa4 20. bxa4
Nf5 21. Nf3 h5 22. Qxg6 Bxf3 23. gxf3 Nd4 24. Qb6+ Ke8 25. Qg6+ Kd8 26. Qb6+
Kc8 27. Qa6+ Kc7 28. Qa7+ Kd6 29. Qb6+ Kd5 30. Qb7+ Ke6 31. Qe4 Qf6 32. Rg1
Rh6 33. Rb1 Bb4 34. Rg8 Qf7 35. Rg5 Nc6 36. Kf1 d5 37. Qc2 Nd4 38. Qc8+ Kf6
39. h4 Rg6 40. Qh8+ Ke6 41. Qxe5+ Kd7 42. Qxd4 Rxg5 43. Qa7+ Ke6 44. Qb6+
Kf5 45. hxg5 Kxg5 46. Qxb4 Kh4 47. d3 {Black resigns} 1-0

[Event "GambitGuide"]
[Site "Internet Chess Club"]
[Date "2014.10.30"]
[Round "1"]
[White "JSBach"]
[Black "losscause"]
[Result "1-0"]
[ICCResult "Black resigns"]
[WhiteElo "1668"]
[BlackElo "1290"]
[Opening "Vienna: `Frankenstein-Dracula' variation"]
[ECO "C27"]
[NIC "VG.02"]
[Time "22:20:20"]
[TimeControl "120+12"]

1. e4 e5 2. Nc3 Nf6 3. Bc4 Nxe4 4. Qh5 Nd6 5. Bb3 Nc6 6. Nb5 g6 7. Qf3 f5 8.
Qd5 Qe7 9. Nxc7+ Kd8 10. Nxa8 b6 11. Ba4 Nd4 12. f4 exf4+ 13. Kd1 Bg7 14. g4
Ne4 15. d3 Nf2+ 16. Kd2 Qe3+ 17. Kc3 Nd1+ 18. Kc4 Ba6+ 19. Bb5 Bxb5+ 20.
Qxb5 Qe6+ 21. Qd5 Ne3+ 22. Bxe3 Qxd5+ 23. Kxd5 Nxc2 24. Bxb6+ axb6 25. Rb1
{Black resigns}
1-0

[Event "GambitGuide"]
[Site "Internet Chess Club"]
[Date "2014.10.30"]
[Round "1"]
[White "JSBach"]
[Black "captain"]
[Result "1-0"]
[ICCResult "Black resigns"]
[WhiteElo "1668"]
[BlackElo "1146"]
[Opening "Vienna: `Frankenstein-Dracula' variation"]
[ECO "C27"]
[NIC "VG.02"]
[Time "22:19:48"]
[TimeControl "120+12"]

1. e4 e5 2. Nc3 Nf6 3. Bc4 Nxe4 4. Qh5 Nd6 5. Bb3 Nc6 6. Nb5 g6 7. Qf3 f5 8.
Qd5 Qe7 9. Nxc7+ Kd8 10. Nxa8 b6 11. Ba4 Bb7 12. Nxb6 axb6 13. Qb3 Kc7 14.
Ne2 Nd4 15. Nxd4 exd4+ 16. Kf1 Bg7 17. d3 Re8 18. Be3 dxe3 19. Re1 e2+ 20.
Kg1 Bh6 21. Qb4 Be3 22. Rxe2 Bxf2+ 23. Rxf2 Qe3 24. Qc3+ Kd8 25. Qf6+ Kc8
26. Qc3+ Kd8 27. Qf6+ Kc8 28. Qc3+ Kd8 29. Qf6+ Kc8 30. Qc3+ Kd8 31. Qf6+
Kc8 32. Qc3+ Kb8 33. Bxd7 Re7 34. Qh8+ Ka7 35. Qc3 Bxg2 36. Qa3+ Kb8 37.
Qxd6+ Ka7 38. Kxg2 Qg5+ 39. Qg3 Qf6 40. Qc7+ Ka6 41. Rhf1 Qg5+ 42. Kh1
{Black resigns}
1-0

[Event "GambitGuide"]
[Site "Internet Chess Club"]
[Date "2014.10.30"]
[Round "1"]
[White "JSBach"]
[Black "brainstorm01"]
[Result "0-1"]
[ICCResult "White checkmated"]
[WhiteElo "1668"]
[BlackElo "1989"]
[Opening "Vienna: `Frankenstein-Dracula' variation"]
[ECO "C27"]
[NIC "VG.02"]
[Time "22:20:23"]
[TimeControl "120+12"]

1. e4 e5 2. Nc3 Nf6 3. Bc4 Nxe4 4. Qh5 Nd6 5. Bb3 Nc6 6. Nb5 g6 7. Qf3 f5 8.
Qd5 Qe7 9. Nxc7+ Kd8 10. Nxa8 b6 11. Ba4 Nd4 12. f4 Bb7 13. Qxe5 Bxg2 14.
Nxb6 axb6 15. c3 Nc6 16. Bxc6 dxc6 17. Ne2 Bxh1 18. Qxh8 Bf3 19. Qe5 Qh4+
20. Kd1 Qxh2 21. d4 Nc4 22. Qf6+ Be7 23. Qh8+ Kd7 24. Kc2 Qxe2+ 25. Bd2
Qxd2+ 26. Kb3 Bd5 27. Qe8+ Kxe8 28. Rg1 Qxb2+ 29. Ka4 Qa3# {White
checkmated} 0-1